 Dungeon Crawl Stone Soup version 0.31.0-32-g396128a36d (webtiles) character file.

Game seed: 9466526320438912310

105630 AdnanSaban the Bludgeoner (level 16, -5/106 HPs)
             Began as a Gargoyle Fighter on Apr 17, 2024.
             Was the Champion of Okawaru.
             Killed from afar by Nikola (10 damage)
             ... with a bolt of lightning
             ... on level 2 of the Swamp.
             The game lasted 00:43:09 (21323 turns).

AdnanSaban the Bludgeoner (Gargoyle Fighter)       Turns: 21323, Time: 00:43:10

Health: -5/106     AC: 36    Str: 23    XL:     16   Next: 41%
Magic:  23/23      EV:  8    Int: 11    God:    Okawaru [******]
Gold:   2253       SH: 12    Dex:  9    Spells: 15/15 levels left

rFire   + . .        L - +4 demon whip (drain)
rCold   + . .        Q - +0 kite shield
rNeg    + + .        z - +0 plate armour {Will+}
rPois   ∞            t - +0 helmet
rElec   +            P - +2 cloak
rCorr   .            U - +0 pair of gloves of the Thistle {rElec Regen+}
SInv    .            Y - +0 pair of boots of Sopnuuli {rC+ Will+ Regen+ Str-3}
Will    +++..        F - amulet of regeneration Stlth
                     n - ring "Nionkuq" {Fly rF+ rN+ Slay+2}
HPRegen 2.77/turn    p - +4 ring of slaying
MPRegen 0.18/turn

%: no passive effects
@: flying
A: sickness immunity, AC +12, big wings, negative energy resistance 1,
electricity resistance, torment resistance 1, petrification resistance
a: Renounce Religion, Heroism, Finesse, Duel, Receive Armour


You were on level 2 of the Swamp.
You worshipped Okawaru.
Okawaru was exalted by your worship.
You visited 5 branches of the dungeon, and saw 22 of its levels.
You also visited: Sewer and Ossuary.

You collected 3002 gold pieces.
You spent 749 gold pieces at shops.

Inventory:

Hand Weapons
 L - a +4 demon whip of draining (weapon)
Missiles
 a - 9 javelins
 y - 30 poisoned darts (quivered)
 A - 3 silver javelins
 J - 12 boomerangs
 N - 4 throwing nets
 V - 5 curare-tipped darts
 W - 5 atropa-tipped darts
Armour
 t - a +0 helmet (worn)
 z - a +0 plate armour of willpower (worn)
 P - a +2 cloak (worn)
 Q - a +0 kite shield (worn)
 U - the +0 pair of gloves of the Thistle (worn) {rElec Regen+}
   (You found it on level 10 of the Dungeon)

   rElec:     It insulates you from electricity.
   Regen+:    It increases your rate of health regeneration.
 Y - the +0 pair of boots of Sopnuuli (worn) {rC+ Will+ Regen+ Str-3}
   (You found it on level 11 of the Dungeon)

   Str-3:     It affects your strength (-3).
   rC+:       It protects you from cold.
   Will+:     It increases your willpower.
   Regen+:    It increases your rate of health regeneration.
Jewellery
 c - a ring of positive energy
 d - a ring of protection from fire
 n - the ring "Nionkuq" (left hand) {Fly rF+ rN+ Slay+2}
   (You bought it in a shop on level 2 of the Orcish Mines)

   [ring of flight]

   Slay+2:    It affects your accuracy & damage with ranged weapons and melee
   (+2).
   rF+:       It protects you from fire.
   rN+:       It protects you from negative energy.
   Fly:       It grants you flight.
 p - a +4 ring of slaying (right hand)
 F - an amulet of regeneration (around neck)
 Z - a ring of ice
Wands
 u - a wand of mindburst (48)
 O - a wand of flame (57)
 R - a wand of iceblast (17)
Scrolls
 b - a scroll of brand weapon {unknown}
 e - 5 scrolls of fog {unknown}
 h - 2 scrolls of enchant weapon
 i - 6 scrolls of teleportation {unknown}
 j - 19 scrolls of identify
 m - a scroll of silence {unknown}
 q - 3 scrolls of amnesia {unknown}
 B - 3 scrolls of poison {unknown}
 C - 2 scrolls of enchant armour {unknown}
 E - 3 scrolls of blinking {unknown}
 H - 4 scrolls of revelation {unknown}
 I - 2 scrolls of fear {unknown}
 M - a scroll of noise {unknown}
 S - 3 scrolls of immolation {unknown}
 T - a scroll of torment {unknown}
Potions
 f - 2 potions of mutation {unknown}
 g - 4 potions of attraction {unknown}
 k - 5 potions of brilliance {unknown}
 l - 4 potions of haste {unknown}
 o - 12 potions of curing {unknown}
 r - 3 potions of lignification
 s - 4 potions of magic {unknown}
 v - 5 potions of degeneration {unknown}
 w - 2 potions of cancellation {unknown}
 x - 2 potions of resistance {unknown}
 D - 2 potions of invisibility {unknown}
 G - 6 potions of ambrosia {unknown}
 K - 8 potions of heal wounds {unknown}
 X - 3 potions of enlightenment {unknown}


   Skills:
 + Level 14.0 Fighting
 + Level 16.3 Maces & Flails
 + Level 3.8 Throwing
 + Level 13.8 Armour
 + Level 3.9 Dodging
 + Level 4.3 Stealth
 + Level 14.1 Shields
 * Level 9.7 Invocations


You had 15 spell levels left.
You didn't know any spells.
Your spell library contained the following spells:

 Spells                   Type           Power      Damage    Failure   Level
 Foxfire                  Conj/Fire      0%         2x1d4     99%         1
 Necrotise                Necr           0%         1d4       99%         1
 Sting                    Conj/Alch      0%         1d3       99%         1
 Mercury Vapours          Alch/Air       0%         N/A       100%        2
 Static Discharge         Conj/Air       0%         3-3/arc   100%        2
 Vampiric Draining        Necr           0%         2d6       100%        3
 Airstrike                Air            0%         2d(0-16)  100%        4
 Dispel Undead            Necr           0%         3d6       100%        4
 Olgreb's Toxic Radiance  Alch           0%         N/A       100%        4
 Petrify                  Alch/Erth      0%         N/A       100%        4
 Curse of Agony           Necr           0%         N/A       100%        5
 Irradiate                Conj/Alch      0%         3d11      100%        5
 Conjure Ball Lightning   Conj/Air       0%         3x3d6     100%        6
 Plasma Beam              Fire/Air       0%         2x1d10    100%        6
 Starburst                Conj/Fire      0%         6d3       100%        6
 Borgnjor's Revivificati  Necr           0%         N/A       100%        8
 Discord                  Hex            0%         N/A       100%        8
 Disjunction              Tloc           0%         N/A       100%        8
 Death's Door             Necr           0%         N/A       100%        9
 Cigotuvi's Dreadful Rot  Necr/Alch/Air  Unusable   N/A       N/A         2
 Sublimation of Blood     Necr           Unusable   N/A       N/A         2
 Martyr's Knell           Necr/Summ      Unusable   N/A       N/A         4
 Summon Lightning Spire   Summ/Air       Unusable   N/A       N/A         4
 Death Channel            Necr           Unusable   N/A       N/A         6
 Haunt                    Necr/Summ      Unusable   N/A       N/A         7

Dungeon Overview and Level Annotations

Branches:
Dungeon (12/15)            Temple (1/1) D:4            Lair (5/5) D:11
  Swamp (2/4) Lair:3       Spider (0/4) Lair:2        Slime (0/5) Lair:5
    Orc (2/2) D:12            Elf (0/3) Orc:2         Sewer (visited)
Ossuary (visited)

Altars:
Ashenzari
Cheibriados
Dithmenos
Elyvilon
Fedhas
Gozag
Hepliaklqana
Kikubaaqudgha
Makhleb
Nemelex Xobeh
Okawaru
Qazlal
Ru
Sif Muna
Trog
Uskayaw
Vehumet
Wu Jian
Xom
Yredelemnul
Zin
The Shining One
Jiyva
Lugonu

Shops:
D:2 ?   D:3 (   D:7 [   Orc:2 *(=[

Portals:
Abyss: Lair:5

Annotations:
Swamp:2 Nikola


Innate Abilities, Weirdness & Mutations

You are immune to sickness and miasma.
Your stone body is resilient. (AC +12)
You are immune to poison.
Your large and strong wings let you fly.
You resist negative energy. (rN+)
You are resistant to electric shocks. (rElec)
You are resistant to unholy torment.
You are immune to petrification.


Message History

You kill the alligator!
Okawaru accepts your kill.
No target in view!
o - 12 silvery potions (gained 1) Nikola the Mad Inventor comes into view.
He is wielding a +1 rapier of electrocution and wearing a +1 cloak of poison resistance.
Nikola shouts!
Nikola mumbles some strange words.
Nikola blinks!
Nikola mumbles, "Hm, I wonder if you're conductive."
Nikola hits you with a +1 rapier of electrocution!
Nikola attacks as he pursues you! Nikola hits you but does no damage.
Nikola attacks as he pursues you! You block Nikola's attack.
Nikola casts a spell.
Lightning arcs from Nikola's hands!
The bolt of lightning hits you!!! You resist.
A bolt of lightning appears from out of thin air!
The bolt of lightning hits Nikola!
You hear a shout! x3; You hear a deafening roar!
You hear an angry buzzing noise. x2; You hear a roar!
You hear a shout!
You hear a hideous shriek!
Nikola casts a spell.
Lightning arcs from Nikola's hands!
The bolt of lightning hits you!!! You resist.
* * * LOW HITPOINT WARNING * * *
A bolt of lightning appears from out of thin air!
The bolt of lightning hits Nikola!
You hear an angry buzzing noise. x2; You hear a shout!
Okay, then.
Nikola casts a spell.
Lightning arcs from Nikola's hands!
The bolt of lightning hits you!! You resist.
* * * LOW HITPOINT WARNING * * *
You hear a shout!
Nikola gestures at you while chanting. The bolt of lightning hits you!
You resist.
* * * LOW HITPOINT WARNING * * *
There is a stone staircase leading up here.
Nikola casts a spell at you. The bolt of lightning hits you! You resist.
You die...

..~~~~. ...~~~~
♣.~~~~ ♣♣.~~~~
...~~~~ ~~. .~~~~~.
♣.~.. ~~~~...♣♣
♣♣♣...§♣
~~~~~..@♣♣♣♣......♣
~~~~~...†♣♣~~.♣ ~.♣
.§.~~.)..~♣.§.♣♣~.♣
....~......~.♣♣~..♣
♣♣..~....~...♣...♣
♣♣♣♣...~..~.....♣♣♣
♣~...♣♣♣@.~~~~~.♣
♣~..~..~~..§~~~~.♣
♣♣..~~~..~...~...♣


You could see Nikola.

Vanquished Creatures
  Rupert (D:11)
  A fire giant (D:12)
  A thorn hunter (Swamp:1)
  2 fenstrider witches
  An orc warlord (Orc:2)
  4 eleionomae
  A bunyip (Swamp:1)
  Azrael (D:12)
  An ettin (D:12)
  Fannar (Lair:3)
  Harold (D:9)
  The ghost of nitefall the Cleaver, a journeyman MiBe of Trog (Lair:1)
  8 hydras
  An ogre mage (Orc:2)
  A ghost crab (Swamp:1)
  3 catoblepae
  Erica (Orc:2)
  5 alligators
  2 boulder beetles
  9 two-headed ogres
  4 death yaks (Lair:4)
  2 orc high priests
  2 titan zombies (D:12)
  Urug (D:11)
  3 thrashing horrors (Lair:5)
  Sonja (Lair:1)
  Amaemon (Lair:2)
  2 skysharks
  A goliath frog (Swamp:1)
  2 lindwurms
  2 bog bodies (Swamp:1)
  A spriggan druid (Lair:3)
  2 swamp dragons (Lair:4)
  A deep elf pyromancer (D:8)
  2 ugly things (Lair:5)
  5 orc knights
  A will-o-the-wisp (Swamp:1)
  4 orc sorcerers
  Maurice (D:8)
  2 manticores (D:11)
  17 cyclopes
  A large abomination (Lair:5)
  14 elephants
  A meliai (shapeshifter) (Lair:5)
  A black mamba (Lair:5)
  Joseph (D:10)
  An orange demon (Lair:2)
  2 smoke demons (Lair:5)
  2 kobold blastminers
  2 gargoyles (D:10)
  A torpor snail (Lair:4)
  11 cane toads
  2 komodo dragons (Lair:5)
  Maggie (D:7)
  4 rime drakes
  2 kobold demonologists (D:9)
  Psyche (D:7)
  3 polar bears
  7 hornets
  Prince Ribbit (D:8)
  A queen bee (Lair:3)
  5 trolls
  2 tyrant leeches
  2 raiju (Lair:5)
  12 blink frogs
  4 ynoxinuls (Lair:5)
  A wraith (D:11)
  11 spriggans
  2 water elementals (D:11)
  A vampire (D:12)
  4 wyverns (Lair:3)
  6 basilisks
  2 shadows
  46 yaks
  2 wargs
  2 steam dragons (D:8)
  4 vampire mosquitoes (Lair:3)
  Menkaure (D:4)
  A chaos spawn (Lair:5)
  12 small abominations (Lair:5)
  5 swamp worms
  10 water moccasins
  An acid dragon (D:9)
  5 hell hounds (D:12)
  31 orc warriors
  2 swamp drakes (Lair:4)
  4 black bears
  An ice beast (D:8)
  7 ogres
  3 sky beasts
  7 centaurs
  21 wolves
  A crocodile (Sewer)
  2 phantoms
  Blork the orc (D:5)
  2 kobold brigands
  4 gnoll sergeants
  11 bullfrogs
  2 cyclops zombies (D:12)
  8 scorpions
  13 wights
  3 troll zombies (D:12)
  26 killer bees
  11 electric eels
  The ghost of riffraff the Changeling, a weakling OpSh (D:3)
  A lava snake (D:8)
  20 orc priests
  A bombardier beetle (D:5)
  8 hounds
  13 jellies
  A gnoll bouda (D:6)
  4 sleepcaps
  Natasha (thrice) (D:4)
  3 iguanas
  27 orc wizards
  A hell rat (Lair:3)
  5 ogre zombies (D:12)
  8 mummies (Ossuary)
  A killer bee simulacrum (D:9)
  31 gnolls
  8 adders
  A shadow imp (D:8)
  A white imp (D:9)
  4 dart slugs
  3 ribbon worms
  52 orcs
  9 ball pythons
  13 endoplasms
  10 giant cockroaches
  4 gnoll zombies
  8 goblins
  15 hobgoblins
  7 jackals
  21 kobolds
  3 quokkas
  10 bats
  3 frilled lizards (D:1)
  5 gnoll skeletons (D:12)
  3 hobgoblin zombies (Ossuary)
  2 kobold zombies (Ossuary)
  19 orc zombies
  9 rats
  3 butterflies (D:9)
804 creatures vanquished.

Vanquished Creatures (others)
  2 bloated husks (Swamp:1)
  An orc (Orc:2)
  29 foxfires (Swamp:1)
32 creatures vanquished.

Grand Total: 836 creatures vanquished

Notes
Turn   | Place    | Note
-------+----------+-------------------------------------------
     0 | D:1      | AdnanSaban the Gargoyle Fighter began the quest for the
                  | Orb.
     0 | D:1      | Reached XP level 1. HP: 14/14 MP: 1/1
    69 | D:1      | Reached XP level 2. HP: 18/19 MP: 2/2
   330 | D:1      | Reached XP level 3. HP: 24/24 MP: 3/3
   952 | D:1      | Found a faded altar of an unknown god.
  1020 | D:2      | Found an opulent altar of Gozag.
  1218 | D:2      | You fall into a shaft and drop 1 floor!
  1238 | D:3      | Reached XP level 4. HP: 29/29 MP: 4/4
  1417 | D:2      | Reached skill level 3 in Maces & Flails
  1463 | D:2      | Found Utsilats's Magic Scroll Shoppe.
  1738 | D:3      | Found a shadowy altar of Dithmenos.
  1763 | D:3      | Found Qeric's Weapon Emporium.
  1909 | D:3      | Noticed riffraff's ghost (weakling OpSh)
  1912 | D:3      | Found a runed translucent door.
  1956 | D:3      | Noticed a phantom
  1961 | D:3      | Killed a phantom
  1962 | D:3      | Reached skill level 4 in Maces & Flails
  1962 | D:3      | Reached XP level 5. HP: 33/33 MP: 5/5
  2455 | D:4      | Identified the +0 ring mail of the Louse {Fly}
  2478 | D:4      | Reached skill level 1 in Dodging
  2478 | D:4      | Reached XP level 6. HP: 35/38 MP: 6/6
  2522 | D:4      | Noticed Menkaure
  2532 | D:4      | Killed Menkaure
  2634 | D:4      | Noticed Natasha
  2640 | D:4      | Killed Natasha
  2641 | D:4      | Reached skill level 5 in Maces & Flails
  2642 | D:4      | Noticed Natasha
  2650 | D:4      | Killed Natasha
  2651 | D:4      | Reached XP level 7. HP: 40/43 MP: 7/7
  2694 | D:4      | Noticed Natasha
  2701 | D:4      | Killed Natasha
  2799 | D:4      | Reached skill level 1 in Stealth
  2862 | D:4      | Found a staircase to the Ecumenical Temple.
  2880 | Temple   | Entered the Ecumenical Temple
  3116 | D:5      | Entered Level 5 of the Dungeon
  3173 | D:5      | Identified the +6 mace of the Brewing Queen {vamp, rElec
                  | rCorr Str-3 Int+4}
  3188 | D:5      | Reached skill level 6 in Maces & Flails
  3522 | D:5      | Found a basalt altar of Yredelemnul.
  3583 | D:5      | Found a white marble altar of Elyvilon.
  3767 | D:5      | Noticed Blork the orc
  3779 | D:5      | Killed Blork the orc
  3780 | D:5      | Reached skill level 5 in Armour
  3780 | D:5      | Reached XP level 8. HP: 42/48 MP: 8/8
  3806 | D:5      | Found the +1 Delatra's gloves {ID++}
  4089 | D:6      | Found a glowing drain.
  4112 | Sewer    | Entered a sewer
  4177 | Sewer    | Reached skill level 7 in Maces & Flails
  4268 | D:6      | Found a sand-covered staircase.
  4276 | D:6      | Reached skill level 5 in Fighting
  4291 | Ossuary  | Entered an ossuary
  4528 | D:6      | Reached skill level 8 in Maces & Flails
  4616 | D:6      | Reached XP level 9. HP: 55/55 MP: 9/9
  4717 | D:6      | Reached skill level 9 in Maces & Flails
  4806 | D:6      | Reached skill level 5 in Shields
  4951 | D:6      | Found a shimmering blue altar of Sif Muna.
  4951 | D:6      | Found a burning altar of Makhleb.
  5144 | D:7      | Found Vablu's Armour Shoppe.
  5363 | D:7      | Found a shimmering altar of Xom.
  5407 | D:7      | Noticed a troll
  5417 | D:7      | Killed a troll
  5418 | D:7      | Reached skill level 10 in Maces & Flails
  5477 | D:7      | Noticed Maggie
  5708 | D:7      | Killed Maggie
  5709 | D:7      | Reached skill level 1 in Throwing
  5709 | D:7      | Reached XP level 10. HP: 61/61 MP: 10/10
  6190 | D:8      | Reached skill level 11 in Maces & Flails
  6232 | D:8      | Noticed Prince Ribbit
  6240 | D:8      | Killed Prince Ribbit
  6371 | D:8      | Noticed Maurice
  6376 | D:8      | Noticed Psyche
  6469 | D:7      | Killed Psyche
  6572 | D:8      | Noticed a deep elf pyromancer
  6588 | D:8      | Killed a deep elf pyromancer
  6701 | D:8      | Found an iron altar of Okawaru.
  6701 | D:8      | Found an ornate altar of the Wu Jian Council.
  6702 | D:8      | Found a snail-covered altar of Cheibriados.
  6709 | D:8      | Became a worshipper of Warmaster Okawaru
  7038 | D:8      | Noticed a two-headed ogre
  7051 | D:8      | Killed a two-headed ogre
  7052 | D:8      | Reached skill level 1 in Invocations
  7157 | D:8      | Reached * piety under Okawaru
  7586 | D:9      | Reached XP level 11. HP: 57/68 MP: 12/12
  7716 | D:9      | Identified the +0 leather armour of Silly Mirth {rElec rN+
                  | Stlth+}
  7725 | D:9      | Noticed a two-headed ogre
  7735 | D:9      | Killed a two-headed ogre
  7744 | D:9      | Reached ** piety under Okawaru
  7800 | D:9      | Noticed Harold
  7831 | D:9      | Killed Harold
  7955 | D:9      | Found a runed translucent door.
  7957 | D:9      | Found a runed translucent door.
  8136 | D:9      | Noticed a soul eater
  8289 | D:9      | Reached skill level 12 in Maces & Flails
  8667 | D:10     | Entered Level 10 of the Dungeon
  8703 | D:10     | Noticed a two-headed ogre
  8714 | D:10     | Killed a two-headed ogre
  8714 | D:10     | Reached *** piety under Okawaru
  8923 | D:10     | Noticed Joseph
  8932 | D:10     | Killed Joseph
  8932 | D:10     | Reached **** piety under Okawaru
  9097 | D:10     | Reached XP level 12. HP: 52/75 MP: 15/15
  9208 | D:10     | Identified the +0 pair of gloves of the Thistle {rElec
                  | Regen+}
  9596 | D:11     | Noticed a boulder beetle
  9643 | D:11     | Killed a boulder beetle
  9644 | D:11     | Reached skill level 5 in Invocations
  9662 | D:11     | Noticed Urug
  9684 | D:11     | Killed Urug
  9866 | D:11     | Found a hazy altar of Hepliaklqana.
  9898 | D:11     | Noticed a two-headed ogre
  9961 | D:11     | Killed a two-headed ogre
  9961 | D:11     | Reached ***** piety under Okawaru
 10142 | D:11     | Reached skill level 10 in Armour
 10256 | D:11     | Received a gift from Okawaru
 10302 | D:11     | Identified the serpent talisman of Action {Dex+2}
 10338 | D:11     | Identified the +0 pair of boots of Sopnuuli {rC+ Will+
                  | Regen+ Str-3}
 10423 | D:11     | Found a staircase to the Lair.
 10691 | Lair:1   | Entered Level 1 of the Lair of Beasts
 10695 | Lair:1   | Found a runed translucent door.
 10695 | Lair:1   | Identified the +11 trident "Gyeps" {flame, Will- Dex+5
                  | Stlth+}
 10703 | Lair:1   | Noticed nitefall's ghost (journeyman MiBe)
 11042 | Lair:1   | Reached skill level 13 in Maces & Flails
 11479 | Lair:2   | Found a hole to the Spider Nest.
 11543 | Lair:2   | Noticed Amaemon
 11567 | Lair:2   | Killed Amaemon
 11700 | Lair:2   | Noticed a skyshark
 11722 | Lair:2   | Killed a skyshark
 11805 | Lair:2   | Noticed Sonja
 11860 | Lair:1   | Killed Sonja
 11991 | Lair:2   | Noticed a seven-headed hydra
 12000 | Lair:2   | Killed a seven-headed hydra
 12178 | Lair:2   | Reached XP level 13. HP: 81/81 MP: 16/16
 12562 | Lair:2   | Reached skill level 10 in Fighting
 12691 | Lair:3   | Found a staircase to the Swamp.
 12864 | Lair:3   | Reached skill level 10 in Shields
 12954 | Lair:3   | Noticed Fannar
 12967 | Lair:3   | Reached ****** piety under Okawaru
 12979 | Lair:3   | Received a gift from Okawaru
 13001 | Lair:3   | Reached skill level 14 in Maces & Flails
 13067 | Lair:3   | Killed Fannar
 13628 | Lair:4   | Acquired a +4 demon whip of draining
 13628 | Lair:4   | Received a gift from Okawaru
 13683 | Lair:4   | Received a gift from Okawaru
 13953 | Lair:4   | Gained mutation: Your large and strong wings let you fly.
                  | [Gargoyle growth]
 13953 | Lair:4   | Reached XP level 14. HP: 90/90 MP: 17/17
 14141 | Lair:4   | Reached skill level 15 in Maces & Flails
 14408 | Lair:5   | Entered Level 5 of the Lair of Beasts
 14442 | Lair:4   | Received a gift from Okawaru
 14631 | Lair:5   | Found a staircase to the Slime Pits.
 14711 | Lair:5   | Found a viscous altar of Jiyva.
 14731 | Lair:5   | Received a gift from Okawaru
 15389 | Lair:5   | Received a gift from Okawaru
 15567 | Lair:5   | Found a corrupted altar of Lugonu.
 15567 | Lair:5   | Found a one-way gate to the infinite horrors of the Abyss.
 16112 | D:3      | Killed riffraff's ghost
 16361 | D:8      | Killed Maurice
 16497 | Lair:1   | Reached XP level 15. HP: 96/97 MP: 20/20
 16520 | Lair:1   | Killed nitefall's ghost
 16528 | Lair:1   | Received a gift from Okawaru
 16938 | D:12     | Noticed Rupert
 16969 | D:11     | Killed Rupert
 17084 | D:12     | Noticed Azrael
 17118 | D:12     | Killed Azrael
 17224 | D:12     | Noticed a fire giant
 17233 | D:12     | Received a gift from Okawaru
 17246 | D:12     | Killed a fire giant
 17337 | D:12     | Identified the +0 glaive of Peace {drain, rElec}
 17340 | D:12     | Identified the +4 spear of the Pariah {speed, rElec Dex+3}
 17535 | D:12     | Found a staircase to the Orcish Mines.
 17561 | D:12     | Identified the +7 chain mail of the Bagpipe {rElec rN++
                  | Str-5}
 17863 | Orc:1    | Entered Level 1 of the Orcish Mines
 18045 | Orc:1    | Found a burning altar of Makhleb.
 18222 | Orc:2    | Entered Level 2 of the Orcish Mines
 18258 | Orc:2    | Received a gift from Okawaru
 18467 | Orc:2    | Noticed an orc warlord
 18485 | Orc:2    | Killed an orc warlord
 18543 | Orc:2    | Reached skill level 16 in Maces & Flails
 18751 | Orc:2    | Found Mieg's General Store.
 18767 | Orc:2    | Received a gift from Okawaru
 18857 | Orc:2    | Found Duoreoz's Antique Armour Shoppe.
 18931 | Orc:2    | Found a staircase to the Elven Halls.
 19077 | Orc:2    | Found Faygumat's Jewellery Shoppe.
 19091 | Orc:2    | Found Etaemao's Antique Weapon Shoppe.
 19222 | Orc:1    | Noticed Erica
 19234 | Orc:2    | Killed Erica
 19595 | Swamp:1  | Entered Level 1 of the Swamp
 19597 | Swamp:1  | Noticed a fenstrider witch
 19608 | Lair:3   | Reached XP level 16. HP: 104/104 MP: 22/22
 19803 | Orc:2    | Bought the ring "Nionkuq" {Fly rF+ rN+ Slay+2} for 749 gold
                  | pieces
 19955 | Lair:3   | Killed a fenstrider witch
 20066 | Swamp:1  | HP: 3/105 [will-o-the-wisp/foxfire (4)]
 20548 | Swamp:1  | Noticed a fenstrider witch
 20561 | Swamp:1  | Killed a fenstrider witch
 20561 | Swamp:1  | Received a gift from Okawaru
 20599 | Swamp:1  | Noticed a thorn hunter
 20622 | Swamp:1  | Killed a thorn hunter
 21307 | Swamp:2  | Noticed Nikola
 21319 | Swamp:2  | HP: 5/106 [Nikola/arc of chain lightning (18)]
 21322 | Swamp:2  | HP: 2/106 [Nikola/bolt of lightning (11)]
 21323 | Swamp:2  | Killed from afar by Nikola

Illustrated notes

Levels and vault maps discovered:
D:1:      moated_graveyard_arrival, layout_basic,
          shapermc_ecumenical_altar_hornbeckon, hangedman_decor_clover_reticule,
          grunt_decor_mini_mirrors, nrook_loot_triangle
D:2:      minmay_kobold_bridge, layout_basic, serial_shops, shop, basic_altar,
          minmay_statues_item, st_stairs_8, minmay_tall_x
D:3:      layout_loops_ring, grunt_dithmenos_smoke_and_mirrors,
          hellmonk_ghost_happy_afterlife, serial_shops,
          nicolae_shop_advertising_works [nicolae_subvault_shop_adworks]
D:4:      layout_rooms, minmay_temple_entry_wispy, uniq_menkaure, uniq_natasha
D:5:      layout_basic, kennysheep_ying_yang, uniq_blork_the_orc
D:6:      layout_basic, gammafunk_temple_overflow_wave, portal_sewer_entry_b,
          enter_ossuary_2, dk_rats_in_the_wall
D:7:      layout_cave_pods, xom_teletrap_fun, serial_shops, shop, uniq_maggie
D:8:      layout_layer_cave, gammafunk_temple_overflow_claw,
          nicolae_lava_and_water, minmay_microvault, uniq_prince_ribbit1,
          uniq_psyche, uniq_maurice
D:9:      lemuel_insect_pit, layout_long_grid, serial_ice, serial_ice_e,
          serial_ice_l, serial_ice_f, serial_ice_n, st_stairs_4, uniq_harold
D:10:     layout_grid_maze, uniq_joseph
D:11:     layout_basic, erik_lair_island, minmay_door_square, hex_large,
          nicolae_hepliaklqana_hazy_memory, uniq_urug
D:12:     giant_chief_lemuel, layout_loops_ring, zombieorc2_lemuel,
          dreamdust_princess_corridor, uniq_azrael, uniq_rupert
Temple:   hellmonk_temple_forest_ring
Lair:1:   layout_chaotic_city, ebering_ghost_funeral_grove, lemuel_fruit_fields,
          infiniplex_staircase_pool, serial_bayou_shore_a, lemuel_fruit_tree
Lair:2:   layout_cellular_growth, dummy_spider_entry,
          grunt_forest_large_clearing_hut, infiniplex_staircase_pool_2,
          lemuel_fruit_fields, uniq_sonja, uniq_amaemon
Lair:3:   regret_index_wax_grids, layout_gridlike, minmay_swamp_entry_eels,
          minivault_26, uniq_fannar
Lair:4:   onia_ninara_swampy_vault, layout_gridlike,
          chequers_serial_rivers_small_a
Lair:5:   hellmonk_lair_end_abyssal_woods, layout_misc_corridors,
          minmay_slime_entry_jelly_boxes
Swamp:1:  layout_basic_swamp, evilmike_swamp_ruin_rubble_2,
          hangedman_swamp_grove
Swamp:2:  layout_basic_swamp, evilmike_swamp_ruin_house_2, swamp_pool_4,
          uniq_nikola
Orc:1:    cheibrodos_orc_bank, layout_caves, basic_altar, uniq_erica
Orc:2:    grunt_orc_cross, layout_diamond_mine

Skill      XL: |  1  2  3  4  5  6  7  8  9 10 11 12 13 14 15 16 |
---------------+-------------------------------------------------+-----
Maces & Flails | 4 5 6 8 10 11 12 13 14 15 16 | 16.3
Fighting       | 4 6 7 8 9 11 12 13 14 | 14.0
Armour         | 4 5 6 7 9 11 12 13 | 13.8
Dodging        | 1 2 3 |  3.9
Shields        | 4 5 6 7 9 11 12 13 14 | 14.1
Stealth        | 1 3 4 |  4.3
Throwing       | 1 2 3 |  3.8
Invocations    | 1 4 5 6 9 |  9.7

Action                     |  1- 3 |  4- 6 |  7- 9 | 10-12 | 13-15 | 16-18 || total
---------------------------+-------+-------+-------+-------+-------+-------++-------
  Melee: Flail             |   142 |   125 |    39 |       |       |       ||   306
         Mace              |       |       |   277 |   659 |       |       ||   936
         Unarmed           |       |       |     7 |       |       |       ||     7
         Morningstar       |       |       |       |    97 |   309 |       ||   406
         Demon whip        |       |       |       |       |  1388 |   210 ||  1598
  Throw: Dart              |       |       |    18 |    49 |    10 |     7 ||    84
 Invoke: Heroism           |       |       |       |     1 |     5 |       ||     6
         Receive Weapon    |       |       |       |       |     1 |       ||     1
    Use: Scroll            |       |       |       |       |       |     1 ||     1
   Stab: Petrified         |       |       |       |       |    14 |       ||    14
         Petrifying        |       |       |       |       |     1 |       ||     1
         Distracted        |       |       |       |       |     2 |       ||     2
 Armour: Scale mail        |   116 |    81 |    18 |       |       |       ||   215
         Plate armour      |       |       |   267 |   839 |  1385 |   236 ||  2727
         Skin              |       |       |       |     5 |       |       ||     5
  Dodge: Dodged            |    78 |    51 |   110 |   205 |   407 |    58 ||   909
  Block: Buckler           |    46 |    32 |    67 |    25 |       |       ||   170
         Kite shield       |       |       |       |   370 |   949 |   108 ||  1427
